 Dungeon Crawl Stone Soup version 0.31-a0-188-g5e087ee2ca (webtiles) character file.

Game seed: 9964851739857290593

143 qw the Skirmisher (level 5, -3/29 HPs)
             Began as a Deep Elf Hunter on June 22, 2023.
             Slain by Sigmund
             ... wielding a +0 scythe
              (11 damage)
             ... on level 3 of the Dungeon.
             The game lasted 00:00:43 (1456 turns).

qw the Skirmisher (Deep Elf Hunter)                 Turns: 1456, Time: 00:00:43

Health: -3/29      AC:  4    Str: 10    XL:     5   Next: 4%
Magic:  7/7        EV: 12    Int: 14    God:
Gold:   129        SH:  0    Dex: 18    Spells: 4/4 levels left

rFire   . . .        Y - +0 shortbow
rCold   . . .        (shield currently unavailable)
rNeg    . . .        c - +0 leather armour
rPois   .            (no helmet)
rElec   .            h - +0 cloak
rCorr   .            (no gloves)
SInv    .            (no boots)
Will    .....        (no amulet)
Stlth   +            (no ring)
HPRegen 0.24/turn    (no ring)
MPRegen 0.10/turn

%: no passive effects
@: confused
A: no striking features
a: no special abilities


You were on level 3 of the Dungeon.
You visited 1 branch of the dungeon, and saw 3 of its levels.

You collected 129 gold pieces.


   Skills:
 - Level 1.5 Fighting
 + Level 8.4 Ranged Weapons
 - Level 2.4 Dodging
 - Level 1.2 Stealth


You had 4 spell levels left.
You didn't know any spells.
Your spell library was empty.

Inventory:

Hand Weapons
 Y - a +0 shortbow (weapon)
Armour
 c - a +0 leather armour (worn)
 h - a +0 cloak (worn)
Jewellery
 b - a +6 ring of dexterity
 d - a ring of fire
Scrolls
 a - 2 scrolls of teleportation
 i - a scroll of identify
Potions
 e - a potion of might {unknown}

Dungeon Overview and Level Annotations

Branches:
Dungeon (3/15)

Altars:
Nemelex Xobeh
Ru

Shops:
D:1 [((!

Annotations:
D:3 Sigmund


Message History

The frilled lizard hisses angrily.
The arrow hits Jessica.
Jessica is lightly wounded.
You shoot an arrow. The arrow hits Jessica.
Jessica is heavily wounded.
You shoot an arrow. The arrow hits Jessica.
Jessica is severely wounded.
You shoot an arrow.
The arrow hits Jessica but does no damage.
Jessica is severely wounded.
Jessica casts a spell.
Jessica blinks!
You shoot an arrow. The arrow hits the frilled lizard.
You kill the frilled lizard!
You shoot an arrow. The arrow barely misses Jessica.
You shoot an arrow. The arrow hits Jessica.
You kill Jessica!
You have reached level 5!
Sigmund the Dreaded comes into view.
He is wielding a +0 scythe and wearing a +0 robe of willpower.
Sigmund shouts!
Enter note:
Enter note: You shoot an arrow.
The arrow closely misses Sigmund.
A kobold comes into view.
It is wielding a +0 short sword of draining.
1448 ||| Stepping ~*~*~tactically~*~*~ (outnumbered).
The kobold shouts!
Sigmund casts a spell.
Sigmund flickers and vanishes!
Deactivating autopickup; reactivate with Ctrl-A.
The kobold throws a stone.
The stone hits you but does no damage.
You shoot an arrow. The arrow closely misses the kobold.
You hear some strange, mumbled words.
You are confused.
The kobold throws a stone.
Something hits you but does no damage.
The kobold throws a stone.
The stone closely misses you. Something hits you!
The kobold throws a stone.
The stone hits you. Something hits you! Something hits you!
You die...

....... #........#
.....#### .......
#.....(..# #._.## #
.......... #######.##
.... # ..... ..... ### #
%.# # ...# #.#...## #..
.#.. # ...# #.# ...##.#
..'## # ...#
#.#.###K...##..... #
...####.#.....{)........
.....##.########@.##...(
##...##.#............#
........#.#######.......
##...####.# ##.....
..........# .(...
.########## .... . ...
##.


You could see a kobold.

Vanquished Creatures
  Jessica (D:3)
  Natasha (D:3)
  An orc wizard (D:3)
  An adder (D:3)
  2 worms (D:2)
  2 dart slugs
  2 ball pythons
  6 endoplasms
  3 giant cockroaches
  5 goblins
  4 hobgoblins
  7 kobolds
  3 quokkas
  5 bats
  2 frilled lizards
  3 rats
48 creatures vanquished.

Notes
Turn   | Place    | Note
-------+----------+-------------------------------------------
     0 | D:1      | qw the Deep Elf Hunter began the quest for the Orb.
     0 | D:1      | Reached XP level 1. HP: 12/12 MP: 3/3
     0 | D:1      | 0 ||| qw: Version: 0.3-a-9-g12657ce
     0 | D:1      | 0 ||| qw: Game counter: 2944
     0 | D:1      | 0 ||| qw: Always use a shield: true
     0 | D:1      | 0 ||| qw: God list: Okawaru
     0 | D:1      | 0 ||| qw: Allow faded altars: false
     0 | D:1      | 0 ||| qw: Do Orc after D:15 true
     0 | D:1      | 0 ||| qw: Do second Lair branch before Depths: true
     0 | D:1      | 0 ||| qw: Lair rune preference: random
     0 | D:1      | 0 ||| qw: Plans: Normal
     0 | D:1      | 0 ||| PLANNING D:1-11
    22 | D:1      | Found Romiddo's Antique Armour Shoppe.
    34 | D:1      | Found Zeicy's Antique Weapon Emporium.
    39 | D:1      | 39 ||| SHOPLISTING embroidered scarf (168 gold, have 0).
    39 | D:1      | 39 ||| SHOPLISTING pair of boots (94 gold, have 0).
    39 | D:1      | 39 ||| SHOPLISTING pair of embroidered gloves (157 gold,
                  | have 0).
    39 | D:1      | 39 ||| SHOPLISTING ring mail (84 gold, have 0).
    39 | D:1      | 39 ||| SHOPLISTING scale mail (84 gold, have 0).
    67 | D:1      | Found Uhiakoh's Distillery.
    81 | D:1      | Reached XP level 2. HP: 14/16 MP: 4/4
    83 | D:1      | Reached skill level 6 in Ranged Weapons
   113 | D:1      | 113 ||| SHOPLISTING potion of curing (36 gold, have 23).
   113 | D:1      | 113 ||| SHOPLISTING potion of haste (120 gold, have 23).
   113 | D:1      | 113 ||| SHOPLISTING potion of might (48 gold, have 23).
   113 | D:1      | 113 ||| SHOPLISTING potion of resistance (120 gold, have
                  | 23).
   337 | D:1      | Reached XP level 3. HP: 20/20 MP: 5/5
   452 | D:1      | Found Juokh's Weapon Boutique.
   455 | D:1      | 455 ||| SHOPLISTING +4 orcbow of flaming (396 gold, have
                  | 67).
   480 | D:1      | 480 ||| UPGRADING to +0 cloak.
   485 | D:1      | 485 ||| READING scroll labelled XURUGIQEALY.
   489 | D:1      | 489 ||| READING scroll labelled PUILUO BECEO.
   490 | D:1      | 490 ||| READING scroll labelled TUTAAB TADEO.
   491 | D:1      | 491 ||| READING scroll labelled QIOGYL MYLLOXE.
   492 | D:1      | 492 ||| DROPPING scroll of butterflies.
   660 | D:2      | Reached skill level 7 in Ranged Weapons
   756 | D:2      | Found a sparkling altar of Nemelex Xobeh.
   941 | D:2      | 941 ||| READING scroll labelled ODAODO JOKALL.
   942 | D:2      | 942 ||| READING scroll labelled ZULEKEBROC.
   943 | D:2      | 943 ||| READING scroll labelled JOTAPI RIEC.
   977 | D:2      | 977 ||| READING scroll labelled IFADAN PEDIWN.
   978 | D:2      | 978 ||| DRINKING 2 red potions.
  1003 | D:2      | 1003 ||| READING 2 scrolls of identify.
  1003 | D:2      | 1003 ||| IDENTIFYING bubbling emerald potion
  1004 | D:2      | 1004 ||| DROPPING potion of lignification.
  1005 | D:2      | 1005 ||| DROPPING potion of degeneration.
  1100 | D:3      | Found a sacrificial altar of Ru.
  1105 | D:3      | Reached XP level 4. HP: 21/25 MP: 6/6
  1105 | D:3      | 1105 ||| FLEEEEING.
  1106 | D:3      | 1106 ||| FLEEEEING.
  1237 | D:3      | Noticed Natasha
  1251 | D:3      | HP: 5/25 [Natasha (6)]
  1252 | D:3      | 1252 ||| READING 3 scrolls of teleportation.
  1253 | D:3      | Killed Natasha
  1254 | D:3      | Reached skill level 8 in Ranged Weapons
  1438 | D:3      | Noticed Jessica
  1445 | D:3      | Killed Jessica
  1446 | D:3      | Reached XP level 5. HP: 29/29 MP: 7/7
  1446 | D:3      | Noticed Sigmund
  1448 | D:3      | 1448 ||| Stepping ~*~*~tactically~*~*~ (outnumbered).
  1456 | D:3      | Slain by Sigmund

Levels and vault maps discovered:
D:1:      ldierk_walled_garden, layout_rooms, serial_shops, shop,
          nicolae_shop_dealshenge, nicolae_shop_real_fake_doors,
          nicolae_shop_just_a_little_nook, minmay_misc_feat_pillars
D:2:      layout_rooms, basic_altar
D:3:      layout_basic, nicolae_ru_great_annihilating_truth, bh_walls_and_bars,
          uniq_robin, uniq_natasha, uniq_sigmund, uniq_jessica

Skill      XL: |  1  2  3  4 |
---------------+-------------+-----
Ranged Weapons | 6 7 8 |  8.4
Fighting       | |  1.5
Dodging        | |  2.4
Stealth        | |  1.2

Action                     |  1- 3 |  4- 6 || total
---------------------------+-------+-------++-------
   Fire: Shortbow          |   110 |    32 ||   142
    Use: Scroll            |     9 |     1 ||    10
         Potion            |     1 |       ||     1
 Armour: Leather armour    |     6 |     4 ||    10
  Dodge: Dodged            |    18 |     7 ||    25

Table legend:
 A = Non-vault XP
 B = Vault XP
 C = Vault XP percentage of total XP
 D = Non-vault monster count
 E = Vault monster count
 F = Vault count percentage of total count
                 A         B        C        D         E       F
            +---------+---------+-------+---------+---------+-------
      Total |      95 |     110 |  53.7 |      44 |       4 |   8.3
            +---------+---------+-------+---------+---------+-------
        D:1 |      45 |       0 |   0.0 |      24 |       0 |   0.0
        D:2 |      31 |       0 |   0.0 |      14 |       0 |   0.0
        D:3 |      19 |     110 |  85.3 |       6 |       4 |  40.0
            +---------+---------+-------+---------+---------+-------
